 Dungeon Crawl Stone Soup version 0.31-a0-997-g9a2f3ffc92 (webtiles) character file.

Game seed: 6258765952080829278

26 kae the Vexing (level 2, 0/19 HPs)
             Began as a Demonspawn Enchanter on Nov 7, 2023.
             Slain by Jessica
             ... wielding a +0 club
              (5 damage)
             ... on level 2 of the Dungeon.
             The game lasted 00:00:54 (1049 turns).

kae the Vexing (Demonspawn Enchanter)               Turns: 1049, Time: 00:00:55

Health: 0/19       AC:  3    Str: 10    XL:     2   Next: 89%
Magic:  2/5        EV: 11    Int: 20    God:
Gold:   43         SH:  0    Dex: 13    Spells: 3/5 levels left

rFire   . . .        a - +1 dagger
rCold   . . .        (no shield)
rNeg    . . .        l - +0 leather armour of the Loofah {rElec Str+2 Int+4}
rPois   .            (no helmet)
rElec   +            (no cloak)
rCorr   .            (no gloves)
SInv    .            (no boots)
Will    .....        (no amulet)
Stlth   ++           (no ring)
HPRegen 0.23/turn    (no ring)
MPRegen 0.09/turn

%: no passive effects
@: no status effects
A: hooves 1
a: no special abilities


You were on level 2 of the Dungeon.
You visited 1 branch of the dungeon, and saw 2 of its levels.

You collected 43 gold pieces.


Innate Abilities, Weirdness & Mutations

You have large cloven feet.


   Skills:
 * Level 1.5 Short Blades
 - Level 2.0 Dodging
 + Level 3.0 Stealth
 + Level 2.1 Spellcasting
 * Level 3.3 Hexes
 + Level 0.1 Ice Magic


You had 3 spell levels left.
You knew the following spells:

 Your Spells              Type           Power      Damage    Failure   Level
a - Ensorcelled Hibernat  Hex/Ice        18%        N/A       16%         2

Your spell library contained the following spells:

 Spells                   Type           Power      Damage    Failure   Level
 Confusing Touch          Hex            15%        N/A       16%         3
 Tukima's Dance           Hex            15%        N/A       16%         3
 Shock                    Conj/Air       8%         1d3       22%         1
 Dazzling Flash           Conj/Hex       16%        N/A       32%         3
 Swiftness                Air            2%         N/A       54%         3
 Airstrike                Air            1%         2d(1-17)  91%         4

Inventory:

Hand Weapons
 a - a +1 dagger (weapon)
Missiles
 e - 14 stones
Armour
 b - a +0 robe
 l - the +0 leather armour of the Loofah (worn) {rElec Str+2 Int+4}
   (You found it on level 2 of the Dungeon)

   Str+2:     It affects your strength (+2).
   Int+4:     It affects your intelligence (+4).
   rElec:     It insulates you from electricity.
Scrolls
 d - a scroll of fog
 g - a scroll of poison {unknown}
 i - a scroll of blinking {unknown}
 k - a scroll of revelation {unknown}
Potions
 c - 2 potions of invisibility
 f - a potion of lignification {unknown}
 h - 2 potions of brilliance {unknown}
 j - a potion of heal wounds {unknown}

Dungeon Overview and Level Annotations

Branches:
Dungeon (2/15) Zot: 10947

Altars:

Annotations:
D:2 Jessica

...............[#.#..
#######.##...#......#
####....†).###.#......#
.....#####..........##
?##..# ##............# .
#.###.............# ..
##............#....##
...#####......#..#...#......
..........@.........#......
<..##.....@.....###.........
.#.......<.....####........
....[............###.##.....
....####....................
... ##........###...#..... #
..?......$........#.....
###############...#.....
#####.....


You could see Jessica (fast).


Message History

😨 HP[-2]
You take 2 damage, and now have 9/19 hp.
The quokka bites you.
* * * LOW HITPOINT WARNING * * *
You climb upwards.
Your magical contamination has completely faded away.
There is a stone staircase leading down here.
Unknown command.
You miss the quokka.
The quokka bites you but does no damage.
You hit the quokka. Your kick misses the quokka. The quokka barely misses you.
Casting: Ensorcelled Hibernation (safe; 16% risk of failure)
Confirm with . or Enter, or press ? or * to list all spells.
Aiming: Ensorcelled Hibernation (safe; 16% risk of failure)
Press: ? - help, Shift-Dir - straight line, f - quokka
Aim: a quokka (heavily wounded, chance to affect: 61%)
The quokka looks drowsy... 😨 MP[-1]
You lost 1 mp, and now have 2/5 mp.
The helpless quokka fails to defend itself.
You puncture the quokka!
You kill the quokka!
Your Stealth skill increases to level 3!
You start resting. 😮 HP[+5] MP[+2]
You regained 5 hp, and now have 14/19 hp.
You regained 2 mp, and now have 4/5 mp.
You start resting. 😕 HP[+2]
You regained 2 hp, and now have 16/19 hp.
Done exploring.
Done exploring.
Done exploring.
You start resting. 😕 HP[+1] MP[+1]
Your mp is fully restored (5).
You start resting. 😎 HP[+2]
Your hp is fully restored (19).
You climb downwards.
Level annotation: Jessica
There is a stone staircase leading up here.
Casting: Ensorcelled Hibernation (safe; 16% risk of failure)
Confirm with . or Enter, or press ? or * to list all spells.
Aiming: Ensorcelled Hibernation (safe; 16% risk of failure)
Press: ? - help, Shift-Dir - straight line, f - Jessica
Aim: Jessica, wielding a +0 club and wearing a +2 robe of willpower (chance to affect: 19%) Jessica resists with almost no effort. 😎 MP[-2]
You lost 2 mp, and now have 3/5 mp.
Casting: Ensorcelled Hibernation (safe; 16% risk of failure)
Confirm with . or Enter, or press ? or * to list all spells.
Aiming: Ensorcelled Hibernation (safe; 16% risk of failure)
Press: ? - help, Shift-Dir - straight line, f/p - Jessica
Aim: Jessica, wielding a +0 club and wearing a +2 robe of willpower (chance to affect: 19%) Jessica resists with almost no effort.
Jessica gestures wildly while chanting.
Jessica seems to speed up. 😎 MP[-2]
You lost 2 mp, and now have 1/5 mp.
Casting: Ensorcelled Hibernation (safe; 16% risk of failure)
Confirm with . or Enter, or press ? or * to list all spells.
You don't have enough magic to cast this spell.
You closely miss Jessica. You kick Jessica. Jessica completely misses you.
Jessica hits you with a +0 club. 😮 HP[-6]
You take 6 damage, and now have 13/19 hp.
MASSIVE DAMAGE!! (PAUSE)
You hit Jessica but do no damage.
Jessica mumbles some strange words.
Jessica blinks! 😮 HP[+1] Jessica grins evilly.
Jessica barely misses you.
You hit Jessica but do no damage. Jessica completely misses you.
Jessica hits you with a +0 club. 😮 HP[-4]
You take 4 damage, and now have 10/19 hp.
MASSIVE DAMAGE!! (PAUSE)
You hit Jessica but do no damage. Your kick misses Jessica.
Jessica gestures wildly.
Jessica hits you with a +0 club.
* * * LOW HITPOINT WARNING * * *
😨 HP[-1]
You take 1 damage, and now have 9/19 hp.
You hit Jessica but do no damage. Jessica hits you with a +0 club.
* * * LOW HITPOINT WARNING * * *
Unknown command. 😨 HP[-2]
You take 2 damage, and now have 7/19 hp.
You hit Jessica. Jessica misses you. Jessica hits you with a +0 club.
* * * LOW HITPOINT WARNING * * *
😨 HP[-2]
You take 2 damage, and now have 5/19 hp.
Unknown command.
You hit Jessica but do no damage. Your kick misses Jessica.
Jessica barely misses you.
Unknown command.
You hit Jessica. Jessica hits you with a +0 club.
You die...

Skill      XL: |  1  2 |
---------------+-------+-----
Short Blades   | 1 |  1.5
Dodging        | 2 |  2.0
Stealth        | 3 |  3.0
Spellcasting   | |  2.1
Hexes          | |  3.3
Ice Magic      | |  0.1

Action                     || total
---------------------------++-------
  Melee: Dagger            ||    60
         Kick              ||     2
   Cast: Ensorcelled Hiber ||     4
    Use: Scroll            ||     1
   Stab: Sleeping          ||     3
 Armour: Robe              ||    20
         Leather armour    ||    15
  Dodge: Dodged            ||    33

Levels and vault maps discovered:
D:1:      ncdulo_smallfort, layout_basic, shapermc_ecumenical_altar_hornbeckon
D:2:      layout_rooms, minmay_liquid_box, uniq_jessica

Notes
Turn   | Place    | Note
-------+----------+-------------------------------------------
     0 | D:1      | kae the Demonspawn Enchanter began the quest for the Orb.
     0 | D:1      | Reached XP level 1. HP: 13/13 MP: 3/3
     0 | D:1      | magus.rc [v1.11.3]
   235 | D:1      | Reached skill level 1 in Short Blades
   283 | D:1      | You pick up a book of Air and begin reading...
   283 | D:1      | You add the spells Shock, Swiftness and Airstrike to your
                  | library.
   613 | D:1      | Gained mutation: You have large cloven feet. [demonic
                  | ancestry]
   613 | D:1      | Reached XP level 2. HP: 18/19 MP: 5/5
   618 | D:1      | Learned a level 2 spell: Ensorcelled Hibernation
   844 | D:1      | Found a faded altar of an unknown god.
   898 | D:2      | Reached skill level 2 in Dodging
   922 | D:2      | Identified the +0 leather armour of the Loofah {rElec Str+2
                  | Int+4}
   978 | D:2      | Noticed Jessica
   994 | D:1      | Reached skill level 3 in Stealth
  1049 | D:2      | Slain by Jessica

Vanquished Creatures
  An adder (D:2)
  An endoplasm (D:2)
  2 giant cockroaches (D:1)
  3 goblins
  2 hobgoblins (D:1)
  A kobold (D:1)
  A quokka (D:1)
  2 ball pythons (D:1)
  2 rats
15 creatures vanquished.

Table legend:
 A = Non-vault XP
 B = Vault XP
 C = Vault XP percentage of total XP
 D = Non-vault monster count
 E = Vault monster count
 F = Vault count percentage of total count
                 A         B        C        D         E       F
            +---------+---------+-------+---------+---------+-------
      Total |      38 |       0 |   0.0 |      15 |       0 |   0.0
            +---------+---------+-------+---------+---------+-------
        D:1 |      19 |       0 |   0.0 |      11 |       0 |   0.0
        D:2 |      19 |       0 |   0.0 |       4 |       0 |   0.0
            +---------+---------+-------+---------+---------+-------

Skill      XL: |  1  2 |
---------------+-------+-----
Short Blades   | 1 |  1.5
Dodging        | 2 |  2.0
Stealth        | 3 |  3.0
Spellcasting   | |  2.1
Hexes          | |  3.3
Ice Magic      | |  0.1

Action                     || total
---------------------------++-------
  Melee: Dagger            ||    60
         Kick              ||     2
   Cast: Ensorcelled Hiber ||     4
    Use: Scroll            ||     1
   Stab: Sleeping          ||     3
 Armour: Robe              ||    20
         Leather armour    ||    15
  Dodge: Dodged            ||    33

Illustrated notes

Table legend:
 A = Kills in this place as a percentage of kills in the entire game.
 B = Kills by you in this place as a percentage of kills by you in the entire game.
 C = Kills by friends in this place as a percentage of kills by friends in the entire game.
 D = Other kills in this place as a percentage of other kills in the entire game.
 E = Experience gained in this place as a percentage of experience gained in the entire game.
 F = Experience gained in this place divided by the number of levels of this place that you have seen.
                   A       B       C       D       E      F
               +-------+-------+-------+-------+-------+----------------------
         Total | 100.0 | 100.0 |   N/A |   N/A | 100.0 |  19.0
       Dungeon | 100.0 | 100.0 |   N/A |   N/A | 100.0 |  19.0
               +-------+-------+-------+-------+-------+----------------------

Table legend: (Time is in decaauts)
 A = Elapsed time spent in this place.
 B = Non-inter-level travel time spent in this place.
 C = Inter-level travel time spent in this place.
 D = Time resting spent in this place.
 E = Time spent auto-exploring this place.
 F = Levels seen in this place.
 G = Mean time per level.
                   A        B        C        D        E       F      G
               +--------+--------+--------+--------+--------+-----+--------+
         Total |   1051 |   1032 |     19 |     62 |    811 |   2 |  525.5 |
       Dungeon |   1051 |   1032 |     19 |     62 |    811 |   2 |  525.5 |
               +--------+--------+--------+--------+--------+-----+--------+

Top non-repeatable levels by time:
     D:1: 911 daAuts
     D:2: 140 daAuts
